Senators vs Panthers

Created - Saturday, January 02, 2016 at 01:36

Goals
1 2 3 T
Senators 1 5 1 7
Panthers 2 0 1 3
Shots
1 2 3 T
Senators 9 10 13 32
Panthers 10 6 10 26

1st period

1. Panthers , Kevin Hayes 9 (Jesper Fast) at 9:55
2. Senators , Loui Eriksson 12 (Phil Kessel, Jonathan Toews) at 10:05
3. Panthers , Ron Hainsey 4 (Nino Niederreiter, Kevin Hayes) at 14:11 (PP)

Penalties :
Ryan Johansen (Fla) for Hooking (Minor) at 5:44, Zack Kassian (Ott) for Hooking (Minor) at 13:58, Johnny Oduya (Ott) for Hooking (Minor) at 15:44

2nd period

4. Senators , Jonathan Toews 24 (Phil Kessel) at 2:00 (PP)
5. Senators , Phil Kessel 22 (Jonathan Toews) at 5:54
6. Senators , Michael Grabner 8 (Connor Murphy, Justin Schultz) at 8:19
7. Senators , Michael Grabner 9 (Mike Santorelli) at 12:25
8. Senators , Bryan Bickell 2 (Dave Bolland, Johnny Oduya) at 17:51

Penalties :
Ryan Johansen (Fla) for Roughing (Minor) at 0:11, Kevin Hayes (Fla) for Holding Stick (Minor) at 0:59, Ryan Johansen (Fla) for High sticking (Minor) at 13:09

3rd period

9. Senators , Phil Kessel 23 (Jonathan Toews) at 0:10
10. Panthers , Paul Byron 6 (Brad Boyes, Charlie Coyle) at 15:18 (PP)

Penalties :
Simon Despres (Fla) for High sticking (Minor) at 3:12, Robert Bortuzzo (Fla) for Fighting (Major) at 12:37, Bryan Bickell (Ott) for Fighting (Major) at 12:37, Robert Bortuzzo (Fla) for instigated a fight (Minor) at 12:37, Robert Bortuzzo (Fla) for instigated a fight (10 Minutes Misconduct) at 12:37, Zach Bogosian (Ott) for Slashing (Minor) at 15:04, Jarome Iginla (Ott) for Hooking (Minor) at 19:59

Goalie Stats

Steve Mason (Ott), 23 saves from 26 shots - (0.885), W, 17-8-4, 60:00 minutes
Kevin Poulin (Fla), 12 saves from 16 shots - (0.750), L, 3-23-0, 28:19 minutes
Robin Lehner (Fla), 13 saves from 16 shots - (0.813), 31:41 minutes

Players Stats for Senators

Player Name              G  A  P  +/- PIM S  H  SB GA TA FO     MP     PP MP  PK MP  
------------------------------------------------------------------------------------
Bryan Bickell            1  0  1   1  5   1  0  0  1  0  0/0     6:57   0:00   0:00 
Connor Murphy            0  1  1   2  0   1  3  1  0  1  0/0    14:25   0:00   1:22 
Dave Bolland             0  1  1   1  0   0  1  0  3  0  2/5     6:58   0:00   0:00 
Jake Gardiner            0  0  0   2  0   1  1  0  0  0  0/0    21:12   4:17   1:08 
Jarome Iginla            0  0  0  -1  2   2  0  0  4  0  0/1    18:02   5:19   0:19 
Johnny Oduya             0  1  1   2  2   3  2  0  0  0  0/0    20:21   4:17   0:00 
Jonathan Toews           1  3  4   3  0   3  1  0  5  2  22/32  22:38   5:24   2:07 
Justin Schultz           0  1  1   2  0   1  0  0  1  0  0/0    12:39   0:00   0:00 
Kyle Brodziak            0  0  0   2  0   0  1  0  0  0  3/5    12:21   0:00   0:00 
Kyle Chipchura           0  0  0  -1  0   2  3  0  0  0  0/0    17:02   5:19   0:00 
Kyle Turris              0  0  0  -1  0   5  0  1  2  0  6/13   18:45   5:19   1:43 
Loui Eriksson            1  0  1   3  0   1  2  0  0  0  0/2    20:31   5:24   0:00 
Michael Grabner          2  0  2   2  0   4  3  0  5  0  0/0    12:45   0:00   0:24 
Mike Santorelli          0  1  1   2  0   0  1  0  0  0  1/1    12:21   0:00   0:00 
Phil Kessel              2  2  4   3  0   6  2  0  6  0  1/3    21:32   5:24   0:19 
Tyler Myers              0  0  0   1  0   0  1  2  0  1  0/0    26:09   6:26   1:18 
Zach Bogosian            0  0  0   1  2   0  1  0  0  0  0/0    25:54   6:26   1:04 
Zack Kassian             0  0  0   1  2   2  1  0  0  0  0/0     6:57   0:00   0:00 

Players Stats for Panthers

Player Name              G  A  P  +/- PIM S  H  SB GA TA FO     MP     PP MP  PK MP  
------------------------------------------------------------------------------------
Adam Larsson             0  0  0  -2  0   0  1  4  0  1  0/0    22:59   0:00   5:37 
Alex Galchenyuk          0  0  0  -1  0   4  0  0  0  0  0/0    13:01   0:00   0:00 
Brad Boyes               0  1  1  -4  0   2  0  0  0  1  1/2    17:22   1:11   1:35 
Calle Jarnkrok           0  0  0  -4  0   0  1  0  0  1  1/1    12:52   0:00   0:00 
Calvin de Haan           0  0  0   0  0   1  0  1  0  0  0/0    12:42   0:00   0:47 
Carlo Colaiacovo         0  0  0  -1  0   1  3  3  0  3  0/0    19:57   1:16   1:16 
Charlie Coyle            0  1  1  -4  0   4  4  1  2  0  8/14   16:56   1:11   2:05 
Jesper Fast              0  1  1   0  0   1  1  1  0  1  0/0    13:09   0:00   0:00 
Kevin Hayes              1  1  2   0  2   2  0  0  2  0  8/23   20:34   1:15   6:01 
Lubomir Visnovsky        0  0  0   0  0   0  0  0  0  0  0/0     0:00   0:00   0:00 
Nino Niederreiter        0  1  1  -1  0   3  1  0  4  1  0/2    18:02   1:15   3:06 
Paul Byron               1  0  1   0  0   3  3  1  0  1  1/1    21:59   1:11   7:13 
Robert Bortuzzo          0  0  0   0  17  1  1  0  0  1  0/0    14:30   1:10   3:09 
Ron Hainsey              1  0  1  -4  0   1  1  3  0  1  0/0    26:16   1:24   7:26 
Ryan Johansen            0  0  0  -1  6   1  0  0  1  0  7/15   21:05   1:15   0:00 
Sean Bergenheim          0  0  0   0  0   0  0  0  2  0  0/0     7:07   0:00   0:24 
Simon Despres            0  0  0  -3  2   2  0  3  0  1  0/0    23:41   1:02   3:11 
Vladislav Namestnikov    0  0  0   0  0   0  2  0  0  0  1/4     5:58   0:00   0:00 

3 Stars

1 - Phil Kessel (Ott)
2 - Jonathan Toews (Ott)
3 - Michael Grabner (Ott)

Power Play

Senators - 1 on 6 Attempt(s) - 16.67%
Panthers - 2 on 4 Attempt(s) - 50.00%

Penalty Kill

Senators - 2 on 4 Attempt(s) - 50.00% - Score 0 goal in Penalty Kill
Panthers - 5 on 6 Attempt(s) - 83.33% - Score 0 goal in Penalty Kill

Team Stat

Senators - Hits : 23 - Faceoff Wins : 35 - Blocked Shots : 4 - Penalty Minutes : 13
Panthers - Hits : 18 - Faceoff Wins : 27 - Blocked Shots : 17 - Penalty Minutes : 27

Official

Referees : Unknown
Linesman : Unknown

Game Notes

Robin Lehner enters game at 8:19 of 2nd period
Robert Bortuzzo and Bryan Bickell fight to a draw at 12:37 of 3rd period

Finance

Level 1 -- Attendance: 5278 (87.97%) -- Ticket Income $448,630
Level 2 -- Attendance: 5000 (100.00%) -- Ticket Income $250,000
Level 3 -- Attendance: 1927 (96.35%) -- Ticket Income $57,810
Level 4 -- Attendance: 3582 (89.55%) -- Ticket Income $60,894
Luxury Box -- Attendance: 933 (93.30%) -- Ticket Income $163,275
Game was played at the BankAtlantic Center.
Total Attendance: 16720 (92.89%)
Total Ticket Income: $980,609
Other Income: $480,498
Total Income: $1,461,107

Senators

5 vs 5 Forward 
   Center                   Left Wing                Right Wing               Time % Phy DF OF 
 1 Jonathan Toews           Loui Eriksson            Phil Kessel              35     1   2  2  
 2 Kyle Turris              Kyle Chipchura           Jarome Iginla            30     1   2  2  
 3 Kyle Brodziak            Michael Grabner          Mike Santorelli          22     1   2  2  
 4 Dave Bolland             Bryan Bickell            Zack Kassian             13     1   2  2  

5 vs 5 Defense 
   Defense                  Defense                                           Time % Phy DF OF 
 1 Tyler Myers              Zach Bogosian                                     35     1   2  2  
 2 Johnny Oduya             Jake Gardiner                                     30     1   2  2  
 3 Justin Schultz           Connor Murphy                                     22     1   2  2  
 4 Tyler Myers              Zach Bogosian                                     13     1   2  2  

PowerPlay Forward 
   Center                   Left Wing                Right Wing               Time % Phy DF OF 
 1 Jonathan Toews           Loui Eriksson            Phil Kessel              60     1   2  2  
 2 Kyle Turris              Kyle Chipchura           Jarome Iginla            40     1   2  2  

PowerPlay Defense
   Defense                  Defense                                           Time % Phy DF OF 
 1 Tyler Myers              Zach Bogosian                                     60     1   2  2  
 2 Johnny Oduya             Jake Gardiner                                     40     1   2  2  

Penalty Kill 4 Players Forward 
   Center                   Wing                     Time % Phy DF OF 
 1 Jonathan Toews           Kyle Turris              60     1   2  2  
 2 Phil Kessel              Jarome Iginla            40     1   2  2  

Penalty Kill 4 Players Defense
   Defense                  Defense                  Time % Phy DF OF 
 1 Tyler Myers              Zach Bogosian            60     1   2  2  
 2 Johnny Oduya             Jake Gardiner            40     1   2  2  

Penalty Kill - 3 Players Forward 
   Forward                                           Time % Phy DF OF 
 1 Jonathan Toews                                    60     1   2  2  
 2 Kyle Turris                                       40     1   2  2  

Penalty Kill - 3 Players Defense
   Defense                  Defense                  Time % Phy DF OF 
 1 Tyler Myers              Zach Bogosian            60     1   2  2  
 2 Johnny Oduya             Jake Gardiner            40     1   2  2  

4 vs 4 Forward 
   Center                   Wing                     Time % Phy DF OF 
 1 Jonathan Toews           Kyle Turris              60     1   2  2  
 2 Phil Kessel              Jarome Iginla            40     1   2  2  

4 vs 4 Defense
   Defense                  Defense                  Time % Phy DF OF 
 1 Tyler Myers              Zach Bogosian            60     1   2  2  
 2 Johnny Oduya             Jake Gardiner            40     1   2  2  

Last Minutes Offensive
   Center                   Left Wing                Right Wing               Defense                  Defense                  
   Jonathan Toews           Loui Eriksson            Phil Kessel              Tyler Myers              Zach Bogosian            

Last Minutes Defensive
   Center                   Left Wing                Right Wing               Defense                  Defense                  
   Jonathan Toews           Loui Eriksson            Phil Kessel              Tyler Myers              Zach Bogosian            

Goaltenders
Starting : Steve Mason              
Backup : Jacob Markstrom          

Extra Forwards
Normal : Kyle Brodziak, Dave Bolland, Michael Grabner - PP : Kyle Brodziak, Dave Bolland - PK : Michael Grabner
Extra Defensemen
Normal : Justin Schultz, Connor Murphy, Johnny Oduya - PP : Justin Schultz - PK : Connor Murphy, Johnny Oduya
Penalty Shots
Jonathan Toews, Kyle Turris, Phil Kessel, Jarome Iginla, Loui Eriksson

Panthers

5 vs 5 Forward 
   Center                   Left Wing                Right Wing               Time % Phy DF OF 
 1 Ryan Johansen            Alex Galchenyuk          Nino Niederreiter        35     1   2  2  
 2 Charlie Coyle            Calle Jarnkrok           Brad Boyes               30     1   2  2  
 3 Kevin Hayes              Paul Byron               Jesper Fast              22     1   2  2  
 4 Vladislav Namestnikov    Sean Bergenheim          Ryan Johansen            13     1   2  2  

5 vs 5 Defense 
   Defense                  Defense                                           Time % Phy DF OF 
 1 Simon Despres            Ron Hainsey                                       35     1   2  2  
 2 Carlo Colaiacovo         Adam Larsson                                      30     1   2  2  
 3 Calvin de Haan           Robert Bortuzzo                                   22     1   2  2  
 4 Simon Despres            Ron Hainsey                                       13     1   2  2  

PowerPlay Forward 
   Center                   Left Wing                Right Wing               Time % Phy DF OF 
 1 Kevin Hayes              Ryan Johansen            Nino Niederreiter        60     1   2  2  
 2 Charlie Coyle            Paul Byron               Brad Boyes               40     1   2  2  

PowerPlay Defense
   Defense                  Defense                                           Time % Phy DF OF 
 1 Robert Bortuzzo          Ron Hainsey                                       60     1   2  2  
 2 Simon Despres            Carlo Colaiacovo                                  40     1   2  2  

Penalty Kill 4 Players Forward 
   Center                   Wing                     Time % Phy DF OF 
 1 Kevin Hayes              Paul Byron               60     1   2  2  
 2 Nino Niederreiter        Charlie Coyle            40     1   2  2  

Penalty Kill 4 Players Defense
   Defense                  Defense                  Time % Phy DF OF 
 1 Adam Larsson             Ron Hainsey              60     1   2  2  
 2 Simon Despres            Robert Bortuzzo          40     1   2  2  

Penalty Kill - 3 Players Forward 
   Forward                                           Time % Phy DF OF 
 1 Nino Niederreiter                                 60     1   2  2  
 2 Charlie Coyle                                     40     1   2  2  

Penalty Kill - 3 Players Defense
   Defense                  Defense                  Time % Phy DF OF 
 1 Calvin de Haan           Ron Hainsey              60     1   2  2  
 2 Simon Despres            Robert Bortuzzo          40     1   2  2  

4 vs 4 Forward 
   Center                   Wing                     Time % Phy DF OF 
 1 Paul Byron               Kevin Hayes              60     1   2  2  
 2 Nino Niederreiter        Charlie Coyle            40     1   2  2  

4 vs 4 Defense
   Defense                  Defense                  Time % Phy DF OF 
 1 Robert Bortuzzo          Ron Hainsey              60     1   2  2  
 2 Simon Despres            Adam Larsson             40     1   2  2  

Last Minutes Offensive
   Center                   Left Wing                Right Wing               Defense                  Defense                  
   Ryan Johansen            Alex Galchenyuk          Nino Niederreiter        Simon Despres            Ron Hainsey              

Last Minutes Defensive
   Center                   Left Wing                Right Wing               Defense                  Defense                  
   Ryan Johansen            Alex Galchenyuk          Nino Niederreiter        Simon Despres            Ron Hainsey              

Goaltenders
Starting : Kevin Poulin             
Backup : Robin Lehner             

Extra Forwards
Normal : Nino Niederreiter, Kevin Hayes, Paul Byron - PP : Nino Niederreiter, Kevin Hayes - PK : Paul Byron
Extra Defensemen
Normal : Simon Despres, Robert Bortuzzo, Ron Hainsey - PP : Ron Hainsey - PK : Robert Bortuzzo, Ron Hainsey
Penalty Shots
Kevin Hayes, Paul Byron, Nino Niederreiter, Charlie Coyle, Ryan Johansen

% Time on Ice - Senators

Lines # - Real PCT - Wanted PCT - Time Play
Normal Forward
1 - 32% - 35% - 15:07
2 - 27% - 30% - 12:25
3 - 26% - 22% - 12:21
4 - 15% - 13% - 6:58
Normal Defense
1 - 32% - 35% - 15:03
2 - 34% - 30% - 15:47
3 - 27% - 22% - 12:39
4 - 7% - 13% - 3:22
PP Forward
1 - 50% - 60% - 5:24
2 - 50% - 40% - 5:19
PP Defense
1 - 60% - 60% - 6:26
2 - 40% - 40% - 4:17
PK Forward
1 - 87% - 60% - 2:07
2 - 13% - 40% - 0:19
PK Defense
1 - 53% - 60% - 1:18
2 - 47% - 40% - 1:08
PK3 Forward
1 - 0% - 60%
2 - 0% - 40%
PK3 Defense
1 - 0% - 60%
2 - 0% - 40%
44 Forward
1 - 0% - 60%
2 - 0% - 40%
44 Defense
1 - 0% - 60%
2 - 0% - 40%
Last Minute Offensive  - 0:00
Last Minute Defensive  - 0:00
Total
Forward - 60:00
Defense - 60:00

% Time on Ice - Panthers

Lines # - Real PCT - Wanted PCT - Time Play
Normal Forward
1 - 30% - 35% - 14:04
2 - 29% - 30% - 13:40
3 - 28% - 22% - 13:09
4 - 13% - 13% - 5:58
Normal Defense
1 - 31% - 35% - 14:22
2 - 37% - 30% - 17:23
3 - 25% - 22% - 11:55
4 - 7% - 13% - 3:11
PP Forward
1 - 51% - 60% - 1:15
2 - 49% - 40% - 1:11
PP Defense
1 - 58% - 60% - 1:24
2 - 42% - 40% - 1:02
PK Forward
1 - 79% - 60% - 7:37
2 - 21% - 40% - 2:05
PK Defense
1 - 58% - 60% - 5:37
2 - 42% - 40% - 4:05
PK3 Forward
1 - 100% - 60% - 1:01
2 - 0% - 40% - 0:00
PK3 Defense
1 - 77% - 60% - 0:47
2 - 23% - 40% - 0:14
44 Forward
1 - 0% - 60%
2 - 0% - 40%
44 Defense
1 - 0% - 60%
2 - 0% - 40%
Last Minute Offensive  - 0:00
Last Minute Defensive  - 0:00
Total
Forward - 60:00
Defense - 60:00

Play by Play

1st period


0:01 of 1st period - Ryan Johansen wins face-off versus Jonathan Toews in neutral zone.
0:39 of 1st period - Icing by Zach Bogosian.
0:40 of 1st period - Charlie Coyle wins face-off versus Jonathan Toews in Senators zone.
1:17 of 1st period - Adam Larsson is hit by Jake Gardiner and loses puck.
1:34 of 1st period - Slapshot by Kyle Turris.
1:34 of 1st period - Shot Misses the Net.
1:49 of 1st period - Snap shot by Kyle Turris.
1:49 of 1st period - Stopped by Kevin Poulin with a rebound.
2:04 of 1st period - Paul Byron is hit by Mike Santorelli and loses puck.
2:13 of 1st period - Snap shot by Michael Grabner.
2:13 of 1st period - Shot Misses the Net.
2:27 of 1st period - Michael Grabner is hit by Vladislav Namestnikov and loses puck.
3:18 of 1st period - Slapshot by Alex Galchenyuk.
3:18 of 1st period - Stopped by Steve Mason with a rebound.
4:06 of 1st period - Slapshot by Tyler Myers.
4:06 of 1st period - Shot Blocked by Simon Despres.
4:08 of 1st period - Snap shot by Dave Bolland.
4:08 of 1st period - Deflect By Zack Kassian.
4:08 of 1st period - Shot Misses the Net.
4:08 of 1st period - Puck is out of play.
4:09 of 1st period - Kyle Turris wins face-off versus Kevin Hayes in Panthers zone.
4:24 of 1st period - Snap shot by Kyle Turris.
4:24 of 1st period - Stopped by Kevin Poulin with a rebound.
4:26 of 1st period - Slapshot by Jake Gardiner.
4:26 of 1st period - Stopped by Kevin Poulin with a rebound.
4:28 of 1st period - Snap shot by Kyle Chipchura.
4:28 of 1st period - Stopped by Kevin Poulin with a rebound.
4:30 of 1st period - Wrist shot by Kyle Turris.
4:30 of 1st period - Shot Misses the Net.
4:34 of 1st period - Snap shot by Jarome Iginla.
4:34 of 1st period - Deflect By Kyle Turris.
4:34 of 1st period - Stopped by Kevin Poulin with a rebound.
4:36 of 1st period - Snap shot by Jarome Iginla.
4:36 of 1st period - Shot Misses the Net.
4:40 of 1st period - Snap shot by Kyle Turris.
4:40 of 1st period - Stopped by Kevin Poulin with a rebound.
4:42 of 1st period - Slapshot by Johnny Oduya.
4:42 of 1st period - Deflect By Kyle Turris.
4:42 of 1st period - Deflect By Kevin Hayes.
4:42 of 1st period - Shot Misses the Net.
4:42 of 1st period - Puck is out of play.
4:43 of 1st period - Ryan Johansen wins face-off versus Jonathan Toews in Panthers zone.
4:56 of 1st period - Snap shot by Nino Niederreiter.
4:56 of 1st period - Shot Misses the Net.
5:34 of 1st period - Snap shot by Bryan Bickell.
5:34 of 1st period - Shot Misses the Net.
5:42 of 1st period - Wrist shot by Bryan Bickell.
5:42 of 1st period - Shot Misses the Net.
5:44 of 1st period - Minor Penalty to Ryan Johansen for Hooking.
5:45 of 1st period - Kyle Turris wins face-off versus Kevin Hayes in Panthers zone.
6:19 of 1st period - Slapshot by Jarome Iginla.
6:19 of 1st period - Shot Blocked by Ron Hainsey.
7:44 of 1st period - Penalty to Ryan Johansen is over, Ryan Johansen is back on ice.
8:58 of 1st period - Ryan Johansen is hit by Connor Murphy.
9:33 of 1st period - Icing by Nino Niederreiter.
9:34 of 1st period - Ryan Johansen wins face-off versus Jarome Iginla in Panthers zone.
9:51 of 1st period - Slapshot by Kevin Hayes.
9:51 of 1st period - Shot Misses the Net.
9:53 of 1st period - Snap shot by Kevin Hayes.
9:53 of 1st period - Shot Misses the Net.
9:55 of 1st period - Wrist shot by Kevin Hayes.
9:55 of 1st period - Goal by Kevin Hayes - Senators : 0 - Panthers : 1.
9:56 of 1st period - Jonathan Toews wins face-off versus Charlie Coyle in neutral zone.
9:59 of 1st period - Wrist shot by Phil Kessel.
9:59 of 1st period - Shot Misses the Net.
10:01 of 1st period - Slapshot by Phil Kessel.
10:01 of 1st period - Shot Blocked by Charlie Coyle.
10:03 of 1st period - Slapshot by Phil Kessel.
10:03 of 1st period - Stopped by Kevin Poulin with a rebound.
10:05 of 1st period - Snap shot by Loui Eriksson.
10:05 of 1st period - Goal by Loui Eriksson - Senators : 1 - Panthers : 1.
10:06 of 1st period - Jonathan Toews wins face-off versus Charlie Coyle in neutral zone.
11:07 of 1st period - Johnny Oduya is hit by Jesper Fast and loses puck.
11:21 of 1st period - Kyle Chipchura is hit by Paul Byron and loses puck.
11:48 of 1st period - Wrist shot by Nino Niederreiter.
11:48 of 1st period - Shot Misses the Net.
11:50 of 1st period - Snap shot by Alex Galchenyuk.
11:50 of 1st period - Stopped by Steve Mason with a rebound.
11:52 of 1st period - Slapshot by Carlo Colaiacovo.
11:52 of 1st period - Stopped by Steve Mason with a rebound.
12:16 of 1st period - Justin Schultz is hit by Vladislav Namestnikov and loses puck.
12:44 of 1st period - Snap shot by Brad Boyes.
12:44 of 1st period - Shot Misses the Net.
12:46 of 1st period - Snap shot by Charlie Coyle.
12:46 of 1st period - Stopped by Steve Mason without a rebound.
12:47 of 1st period - Jonathan Toews wins face-off versus Kevin Hayes in Senators zone.
13:37 of 1st period - Justin Schultz is hit by Charlie Coyle and loses puck.
13:58 of 1st period - Minor Penalty to Zack Kassian for Hooking.
13:59 of 1st period - Kevin Hayes wins face-off versus Jonathan Toews in Senators zone.
14:11 of 1st period - Snap shot by Ron Hainsey.
14:11 of 1st period - Goal by Ron Hainsey - Senators : 1 - Panthers : 2.
14:12 of 1st period - Charlie Coyle wins face-off versus Jonathan Toews in neutral zone.
14:52 of 1st period - Adam Larsson is hit by Tyler Myers and loses puck.
15:07 of 1st period - Ron Hainsey is hit by Kyle Chipchura and loses puck.
15:20 of 1st period - Wrist shot by Kyle Turris.
15:20 of 1st period - Shot Misses the Net.
15:44 of 1st period - Minor Penalty to Johnny Oduya for Hooking.
15:45 of 1st period - Kevin Hayes wins face-off versus Jonathan Toews in Senators zone.
15:52 of 1st period - Wrist shot by Kevin Hayes.
15:52 of 1st period - Shot Misses the Net.
15:54 of 1st period - Backhand shot by Robert Bortuzzo.
15:54 of 1st period - Stopped by Steve Mason with a rebound.
15:56 of 1st period - Snap shot by Kevin Hayes.
15:56 of 1st period - Deflect By Nino Niederreiter.
15:56 of 1st period - Shot Blocked by Connor Murphy.
15:56 of 1st period - Puck is out of play.
15:57 of 1st period - Jonathan Toews wins face-off versus Kevin Hayes in Senators zone.
16:15 of 1st period - Snap shot by Kevin Hayes.
16:15 of 1st period - Deflect By Ryan Johansen.
16:15 of 1st period - Shot Misses the Net.
16:15 of 1st period - Puck is out of play.
16:16 of 1st period - Charlie Coyle wins face-off versus Jonathan Toews in Senators zone.
16:19 of 1st period - Wrist shot by Brad Boyes.
16:19 of 1st period - Stopped by Steve Mason with a rebound.
16:21 of 1st period - Slapshot by Carlo Colaiacovo.
16:21 of 1st period - Shot Blocked by Tyler Myers.
16:23 of 1st period - Snap shot by Paul Byron.
16:23 of 1st period - Shot Misses the Net.
16:25 of 1st period - Snap shot by Paul Byron.
16:25 of 1st period - Shot Misses the Net.
16:27 of 1st period - Wrist shot by Charlie Coyle.
16:27 of 1st period - Stopped by Steve Mason with a rebound.
16:29 of 1st period - Snap shot by Simon Despres.
16:29 of 1st period - Stopped by Steve Mason with a rebound.
16:31 of 1st period - Slapshot by Brad Boyes.
16:31 of 1st period - Shot Blocked by Kyle Turris.
17:16 of 1st period - Connor Murphy is hit by Carlo Colaiacovo and loses puck.
17:44 of 1st period - Penalty to Johnny Oduya is over, Johnny Oduya is back on ice.
17:57 of 1st period - Icing by Phil Kessel.
17:58 of 1st period - Phil Kessel wins face-off versus Vladislav Namestnikov in Senators zone.
18:06 of 1st period - Snap shot by Johnny Oduya.
18:06 of 1st period - Shot Blocked by Adam Larsson.
18:08 of 1st period - Slapshot by Connor Murphy.
18:08 of 1st period - Shot Misses the Net.
18:20 of 1st period - Wrist shot by Phil Kessel.
18:20 of 1st period - Stopped by Kevin Poulin with a rebound.
18:22 of 1st period - Snap shot by Jarome Iginla.
18:22 of 1st period - Shot Blocked by Adam Larsson.
18:46 of 1st period - Snap shot by Tyler Myers.
18:46 of 1st period - Shot Misses the Net.
18:48 of 1st period - Slapshot by Justin Schultz.
18:48 of 1st period - Shot Misses the Net.
19:20 of 1st period - Paul Byron is hit by Dave Bolland.
Goals for this period are 1 for Senators vs 2 for Panthers.
Shots for this period are 9 for Senators vs 10 for Panthers.

2nd period


0:01 of 2nd period - Jonathan Toews wins face-off versus Ryan Johansen in neutral zone.
0:11 of 2nd period - Minor Penalty to Ryan Johansen for Roughing.
0:12 of 2nd period - Jonathan Toews wins face-off versus Kevin Hayes in Panthers zone.
0:12 of 2nd period - Snap shot by Phil Kessel.
0:12 of 2nd period - Stopped by Kevin Poulin with a rebound.
0:14 of 2nd period - Snap shot by Tyler Myers.
0:14 of 2nd period - Deflect By Jonathan Toews.
0:14 of 2nd period - Stopped by Kevin Poulin without a rebound.
0:15 of 2nd period - Jonathan Toews wins face-off versus Kevin Hayes in Panthers zone.
0:59 of 2nd period - Minor Penalty to Kevin Hayes for Holding Stick.
1:00 of 2nd period - Kyle Turris wins face-off versus Nino Niederreiter in Panthers zone.
1:09 of 2nd period - Snap shot by Kyle Turris.
1:09 of 2nd period - Shot Blocked by Ron Hainsey.
1:25 of 2nd period - Slapshot by Ron Hainsey.
1:25 of 2nd period - Shot Misses the Net.
1:53 of 2nd period - Nino Niederreiter is hit by Loui Eriksson and loses puck.
2:00 of 2nd period - Slapshot by Jonathan Toews.
2:00 of 2nd period - Goal by Jonathan Toews - Senators : 2 - Panthers : 2.
2:01 of 2nd period - Jonathan Toews wins face-off versus Brad Boyes in neutral zone.
2:44 of 2nd period - Kyle Turris is hit by Paul Byron.
2:48 of 2nd period - Snap shot by Jarome Iginla.
2:48 of 2nd period - Shot Misses the Net.
2:50 of 2nd period - Snap shot by Kyle Turris.
2:50 of 2nd period - Shot Blocked by Simon Despres.
2:59 of 2nd period - Penalty to Kevin Hayes is over, Kevin Hayes is back on ice.
3:00 of 2nd period - Snap shot by Kyle Turris.
3:00 of 2nd period - Shot Blocked by Simon Despres.
3:14 of 2nd period - Wrist shot by Ryan Johansen.
3:14 of 2nd period - Stopped by Steve Mason without a rebound.
3:15 of 2nd period - Kyle Brodziak wins face-off versus Vladislav Namestnikov in Senators zone.
3:20 of 2nd period - Snap shot by Michael Grabner.
3:20 of 2nd period - Shot Blocked by Carlo Colaiacovo.
4:20 of 2nd period - Nino Niederreiter is hit by Jonathan Toews.
4:24 of 2nd period - Carlo Colaiacovo is hit by Loui Eriksson and loses puck.
4:33 of 2nd period - Slapshot by Phil Kessel.
4:33 of 2nd period - Shot Blocked by Carlo Colaiacovo.
5:09 of 2nd period - Calle Jarnkrok is hit by Johnny Oduya and loses puck.
5:40 of 2nd period - Snap shot by Jarome Iginla.
5:40 of 2nd period - Shot Misses the Net.
5:42 of 2nd period - Wrist shot by Kyle Chipchura.
5:42 of 2nd period - Shot Blocked by Calvin de Haan.
5:52 of 2nd period - Snap shot by Kyle Turris.
5:52 of 2nd period - Deflect By Calle Jarnkrok.
5:52 of 2nd period - Shot Misses the Net.
5:52 of 2nd period - Puck is out of play.
5:53 of 2nd period - Jonathan Toews wins face-off versus Kevin Hayes in Panthers zone.
5:54 of 2nd period - Snap shot by Phil Kessel.
5:54 of 2nd period - Goal by Phil Kessel - Senators : 3 - Panthers : 2.
5:55 of 2nd period - Kevin Hayes wins face-off versus Phil Kessel in neutral zone.
6:10 of 2nd period - Wrist shot by Jesper Fast.
6:10 of 2nd period - Stopped by Steve Mason without a rebound.
6:11 of 2nd period - Jonathan Toews wins face-off versus Kevin Hayes in Senators zone.
6:22 of 2nd period - Paul Byron is hit by Phil Kessel and loses puck.
7:23 of 2nd period - Slapshot by Jarome Iginla.
7:23 of 2nd period - Shot Misses the Net.
8:09 of 2nd period - Slapshot by Justin Schultz.
8:09 of 2nd period - Stopped by Kevin Poulin with a rebound.
8:11 of 2nd period - Slapshot by Connor Murphy.
8:11 of 2nd period - Shot Blocked by Carlo Colaiacovo.
8:13 of 2nd period - Backhand shot by Connor Murphy.
8:13 of 2nd period - Stopped by Kevin Poulin with a rebound.
8:19 of 2nd period - Wrist shot by Michael Grabner.
8:19 of 2nd period - Goal by Michael Grabner - Senators : 4 - Panthers : 2.
8:19 of 2nd period - Robin Lehner enters game.
8:20 of 2nd period - Jonathan Toews wins face-off versus Ryan Johansen in neutral zone.
9:37 of 2nd period - Off-side.
9:38 of 2nd period - Dave Bolland wins face-off versus Kevin Hayes in neutral zone.
9:47 of 2nd period - Bryan Bickell is hit by Robert Bortuzzo and loses puck.
9:52 of 2nd period - Snap shot by Paul Byron.
9:52 of 2nd period - Stopped by Steve Mason with a rebound.
9:54 of 2nd period - Slapshot by Kevin Hayes.
9:54 of 2nd period - Shot Misses the Net.
9:56 of 2nd period - Slapshot by Calvin de Haan.
9:56 of 2nd period - Stopped by Steve Mason without a rebound.
9:57 of 2nd period - Vladislav Namestnikov wins face-off versus Dave Bolland in Senators zone.
10:23 of 2nd period - Icing by Connor Murphy.
10:24 of 2nd period - Dave Bolland wins face-off versus Kevin Hayes in Senators zone.
10:33 of 2nd period - Snap shot by Zack Kassian.
10:33 of 2nd period - Stopped by Robin Lehner with a rebound.
12:00 of 2nd period - Adam Larsson is hit by Kyle Chipchura and loses puck.
12:25 of 2nd period - Wrist shot by Michael Grabner.
12:25 of 2nd period - Goal by Michael Grabner - Senators : 5 - Panthers : 2.
12:26 of 2nd period - Ryan Johansen wins face-off versus Jonathan Toews in neutral zone.
12:29 of 2nd period - Snap shot by Nino Niederreiter.
12:29 of 2nd period - Stopped by Steve Mason without a rebound.
12:30 of 2nd period - Jonathan Toews wins face-off versus Nino Niederreiter in Senators zone.
12:30 of 2nd period - Jonathan Toews is hit by Nino Niederreiter.
12:58 of 2nd period - Wrist shot by Phil Kessel.
12:58 of 2nd period - Shot Misses the Net.
13:00 of 2nd period - Wrist shot by Jake Gardiner.
13:00 of 2nd period - Shot Misses the Net.
13:09 of 2nd period - Minor Penalty to Ryan Johansen for High sticking.
13:10 of 2nd period - Paul Byron wins face-off versus Kyle Turris in Panthers zone.
13:58 of 2nd period - Phil Kessel is hit by Adam Larsson and loses puck.
15:09 of 2nd period - Penalty to Ryan Johansen is over, Ryan Johansen is back on ice.
15:21 of 2nd period - Justin Schultz is hit by Ron Hainsey and loses puck.
15:44 of 2nd period - Slapshot by Michael Grabner.
15:44 of 2nd period - Shot Blocked by Adam Larsson.
16:22 of 2nd period - Brad Boyes is hit by Zack Kassian and loses puck.
16:30 of 2nd period - Slapshot by Johnny Oduya.
16:30 of 2nd period - Shot Misses the Net.
17:06 of 2nd period - Adam Larsson is hit by Phil Kessel.
17:16 of 2nd period - Ron Hainsey is hit by Kyle Brodziak.
17:30 of 2nd period - Kevin Hayes is hit by Johnny Oduya.
17:51 of 2nd period - Snap shot by Bryan Bickell.
17:51 of 2nd period - Goal by Bryan Bickell - Senators : 6 - Panthers : 2.
17:52 of 2nd period - Ryan Johansen wins face-off versus Kyle Turris in neutral zone.
18:31 of 2nd period - Tyler Myers is hit by Calle Jarnkrok.
18:47 of 2nd period - Wrist shot by Paul Byron.
18:47 of 2nd period - Stopped by Steve Mason without a rebound.
18:48 of 2nd period - Kevin Hayes wins face-off versus Kyle Brodziak in Senators zone.
19:16 of 2nd period - Justin Schultz is hit by Carlo Colaiacovo.
Goals for this period are 5 for Senators vs 0 for Panthers.
Shots for this period are 10 for Senators vs 6 for Panthers.

3rd period


0:01 of 3rd period - Jonathan Toews wins face-off versus Ryan Johansen in neutral zone.
0:10 of 3rd period - Slapshot by Phil Kessel.
0:10 of 3rd period - Goal by Phil Kessel - Senators : 7 - Panthers : 2.
0:11 of 3rd period - Jonathan Toews wins face-off versus Ryan Johansen in neutral zone.
1:09 of 3rd period - Kyle Chipchura is hit by Charlie Coyle and loses puck.
1:40 of 3rd period - Snap shot by Kyle Turris.
1:40 of 3rd period - Stopped by Robin Lehner without a rebound.
1:41 of 3rd period - Kyle Brodziak wins face-off versus Kevin Hayes in Panthers zone.
1:46 of 3rd period - Wrist shot by Michael Grabner.
1:46 of 3rd period - Stopped by Robin Lehner without a rebound.
1:47 of 3rd period - Kyle Brodziak wins face-off versus Kevin Hayes in Panthers zone.
2:02 of 3rd period - Adam Larsson is hit by Michael Grabner and loses puck.
2:37 of 3rd period - Wrist shot by Alex Galchenyuk.
2:37 of 3rd period - Stopped by Steve Mason without a rebound.
2:38 of 3rd period - Ryan Johansen wins face-off versus Dave Bolland in Senators zone.
3:09 of 3rd period - Snap shot by Zack Kassian.
3:09 of 3rd period - Stopped by Robin Lehner without a rebound.
3:10 of 3rd period - Charlie Coyle wins face-off versus Loui Eriksson in Panthers zone.
3:12 of 3rd period - Minor Penalty to Simon Despres for High sticking.
3:13 of 3rd period - Kevin Hayes wins face-off versus Phil Kessel in Panthers zone.
3:27 of 3rd period - Kevin Hayes is hit by Zach Bogosian.
4:21 of 3rd period - Robert Bortuzzo is hit by Kyle Chipchura and loses puck.
4:43 of 3rd period - Wrist shot by Kevin Hayes.
4:43 of 3rd period - Stopped by Steve Mason without a rebound.
4:44 of 3rd period - Kevin Hayes wins face-off versus Jonathan Toews in Senators zone.
4:49 of 3rd period - Snap shot by Kevin Hayes.
4:49 of 3rd period - Shot Hit the Post.
5:12 of 3rd period - Penalty to Simon Despres is over, Simon Despres is back on ice.
5:43 of 3rd period - Simon Despres is hit by Michael Grabner and loses puck.
6:02 of 3rd period - Sean Bergenheim is hit by Michael Grabner and loses puck.
6:44 of 3rd period - Tyler Myers is hit by Charlie Coyle and loses puck.
6:53 of 3rd period - Snap shot by Charlie Coyle.
6:53 of 3rd period - Stopped by Steve Mason without a rebound.
6:54 of 3rd period - Jonathan Toews wins face-off versus Charlie Coyle in Senators zone.
7:33 of 3rd period - Off-side.
7:34 of 3rd period - Kyle Turris wins face-off versus Kevin Hayes in neutral zone.
7:45 of 3rd period - Wrist shot by Kyle Turris.
7:45 of 3rd period - Shot Blocked by Ron Hainsey.
8:01 of 3rd period - Snap shot by Kyle Turris.
8:01 of 3rd period - Shot Blocked by Jesper Fast.
8:20 of 3rd period - Off-side.
8:21 of 3rd period - Mike Santorelli wins face-off versus Charlie Coyle in neutral zone.
9:15 of 3rd period - Off-side.
9:16 of 3rd period - Jonathan Toews wins face-off versus Ryan Johansen in neutral zone.
9:19 of 3rd period - Simon Despres is hit by Connor Murphy and loses puck.
9:25 of 3rd period - Off-side.
9:26 of 3rd period - Jonathan Toews wins face-off versus Vladislav Namestnikov in neutral zone.
10:07 of 3rd period - Ron Hainsey is hit by Connor Murphy.
10:14 of 3rd period - Icing by Simon Despres.
10:15 of 3rd period - Kyle Turris wins face-off versus Charlie Coyle in Panthers zone.
10:23 of 3rd period - Slapshot by Kyle Chipchura.
10:23 of 3rd period - Stopped by Robin Lehner with a rebound.
10:25 of 3rd period - Wrist shot by Jarome Iginla.
10:25 of 3rd period - Stopped by Robin Lehner without a rebound.
10:26 of 3rd period - Kevin Hayes wins face-off versus Kyle Turris in Panthers zone.
10:43 of 3rd period - Snap shot by Jarome Iginla.
10:43 of 3rd period - Deflect By Kyle Turris.
10:43 of 3rd period - Shot Misses the Net.
10:43 of 3rd period - Puck is out of play.
10:44 of 3rd period - Kevin Hayes wins face-off versus Kyle Brodziak in Panthers zone.
10:57 of 3rd period - Wrist shot by Kevin Hayes.
10:57 of 3rd period - Shot Blocked by Tyler Myers.
11:07 of 3rd period - Wrist shot by Michael Grabner.
11:07 of 3rd period - Stopped by Robin Lehner with a rebound.
11:48 of 3rd period - Snap shot by Jonathan Toews.
11:48 of 3rd period - Shot Blocked by Paul Byron.
11:50 of 3rd period - Snap shot by Johnny Oduya.
11:50 of 3rd period - Stopped by Robin Lehner with a rebound.
11:52 of 3rd period - Slapshot by Johnny Oduya.
11:52 of 3rd period - Shot Hit the Post.
11:54 of 3rd period - Slapshot by Johnny Oduya.
11:54 of 3rd period - Stopped by Robin Lehner with a rebound.
11:56 of 3rd period - Slapshot by Jake Gardiner.
11:56 of 3rd period - Shot Misses the Net.
11:58 of 3rd period - Snap shot by Loui Eriksson.
11:58 of 3rd period - Shot Blocked by Adam Larsson.
12:00 of 3rd period - Slapshot by Phil Kessel.
12:00 of 3rd period - Stopped by Robin Lehner with a rebound.
12:02 of 3rd period - Slapshot by Johnny Oduya.
12:02 of 3rd period - Stopped by Robin Lehner with a rebound.
12:22 of 3rd period - Slapshot by Nino Niederreiter.
12:22 of 3rd period - Shot Misses the Net.
12:24 of 3rd period - Wrist shot by Nino Niederreiter.
12:24 of 3rd period - Stopped by Steve Mason with a rebound.
12:32 of 3rd period - Snap shot by Nino Niederreiter.
12:32 of 3rd period - Shot Misses the Net.
12:34 of 3rd period - Snap shot by Ron Hainsey.
12:34 of 3rd period - Deflect By Nino Niederreiter.
12:34 of 3rd period - Shot Misses the Net.
12:34 of 3rd period - Puck is out of play.
12:35 of 3rd period - Charlie Coyle wins face-off versus Dave Bolland in Senators zone.
12:37 of 3rd period - Robert Bortuzzo and Bryan Bickell fight to a draw.
12:37 of 3rd period - Penalty to Robert Bortuzzo for Fighting.
12:37 of 3rd period - Penalty to Bryan Bickell for Fighting.
12:37 of 3rd period - Penalty to Robert Bortuzzo for instigated a fight.
12:37 of 3rd period - Penalty to Robert Bortuzzo for instigated a fight.
12:38 of 3rd period - Jonathan Toews wins face-off versus Kevin Hayes in Senators zone.
13:13 of 3rd period - Snap shot by Nino Niederreiter.
13:13 of 3rd period - Stopped by Steve Mason without a rebound.
13:14 of 3rd period - Kyle Turris wins face-off versus Kevin Hayes in Senators zone.
13:25 of 3rd period - Backhand shot by Jarome Iginla.
13:25 of 3rd period - Stopped by Robin Lehner with a rebound.
14:02 of 3rd period - Icing by Loui Eriksson.
14:03 of 3rd period - Brad Boyes wins face-off versus Loui Eriksson in Senators zone.
14:37 of 3rd period - Penalty to Robert Bortuzzo is over, Brad Boyes is send on ice.
15:04 of 3rd period - Minor Penalty to Zach Bogosian for Slashing.
15:05 of 3rd period - Jonathan Toews wins face-off versus Charlie Coyle in Senators zone.
15:18 of 3rd period - Snap shot by Paul Byron.
15:18 of 3rd period - Goal by Paul Byron - Senators : 7 - Panthers : 3.
15:19 of 3rd period - Jonathan Toews wins face-off versus Ryan Johansen in neutral zone.
16:06 of 3rd period - Snap shot by Jarome Iginla.
16:06 of 3rd period - Deflect By Kyle Turris.
16:06 of 3rd period - Shot Misses the Net.
16:06 of 3rd period - Puck is out of play.
16:07 of 3rd period - Charlie Coyle wins face-off versus Kyle Turris in Panthers zone.
16:14 of 3rd period - Snap shot by Charlie Coyle.
16:14 of 3rd period - Stopped by Steve Mason without a rebound.
16:15 of 3rd period - Charlie Coyle wins face-off versus Kyle Turris in Senators zone.
16:53 of 3rd period - Johnny Oduya is hit by Charlie Coyle and loses puck.
17:28 of 3rd period - Connor Murphy is hit by Paul Byron and loses puck.
17:54 of 3rd period - Icing by Tyler Myers.
17:55 of 3rd period - Ryan Johansen wins face-off versus Jonathan Toews in Senators zone.
18:00 of 3rd period - Snap shot by Alex Galchenyuk.
18:00 of 3rd period - Stopped by Steve Mason without a rebound.
18:01 of 3rd period - Jonathan Toews wins face-off versus Ryan Johansen in Senators zone.
18:11 of 3rd period - Wrist shot by Jonathan Toews.
18:11 of 3rd period - Stopped by Robin Lehner without a rebound.
18:12 of 3rd period - Charlie Coyle wins face-off versus Kyle Turris in Panthers zone.
18:35 of 3rd period - Wrist shot by Brad Boyes.
18:35 of 3rd period - Stopped by Steve Mason without a rebound.
18:36 of 3rd period - Jonathan Toews wins face-off versus Ryan Johansen in Senators zone.
18:53 of 3rd period - Snap shot by Alex Galchenyuk.
18:53 of 3rd period - Shot Misses the Net.
19:27 of 3rd period - Kyle Brodziak is hit by Carlo Colaiacovo and loses puck.
19:52 of 3rd period - Snap shot by Paul Byron.
19:52 of 3rd period - Shot Misses the Net.
19:54 of 3rd period - Slapshot by Simon Despres.
19:54 of 3rd period - Stopped by Steve Mason without a rebound.
19:55 of 3rd period - Calle Jarnkrok wins face-off versus Kyle Turris in Senators zone.
19:59 of 3rd period - Minor Penalty to Jarome Iginla for Hooking.
Goals for this period are 1 for Senators vs 1 for Panthers.
Shots for this period are 13 for Senators vs 10 for Panthers.
Goals for this period are 1 for Senators vs 1 for Panthers.
Shots for this period are 13 for Senators vs 10 for Panthers.